 Dungeon Crawl Stone Soup version 0.28-a0-664-gc179e30c89 (webtiles) character file.

Game seed: 5543209552883574985

25396 Johnny the Fencer (level 13, -5/106 (111) HPs)
             Began as a Human Berserker on Oct 16, 2021.
             Was a High Priest of Trog.
             Slain by an ettin (17 damage)
             ... on level 13 of the Dungeon.
             The game lasted 00:13:07 (11793 turns).

Johnny the Fencer (Human Berserker)                Turns: 11793, Time: 00:13:08

HP:   -5/106 (111)  AC: 10    Str: 23    XL:     13   Next: 50%
MP:   13/13         EV: 12    Int:  7    God:    Trog [*****.]
Gold: 470           SH:  0    Dex: 13    Spells: 12/12 levels left

rFire   . . .      SeeInvis +   y - +1 long sword (venom)
rCold   + . .      Faith    .   (no shield)
rNeg    . . .      Spirit   .   D - +0 acid dragon scales
rPois   .          Reflect  .   (no helmet)
rElec   .          Harm     .   (no cloak)
rCorr   +          Rampage  .   e - +1 pair of gloves
Will    .....                   z - +1 pair of boots
Stlth   +.........              l - amulet of regeneration
HPRegen 1.27/turn               w - ring of protection from cold
MPRegen 0.13/turn               x - ring of see invisible

@: on berserk cooldown, slowed, lightly drained, very slow
A: no striking features
a: Renounce Religion, Berserk, Trog's Hand, Brothers in Arms


You were on level 13 of the Dungeon.
You worshipped Trog.
Trog was extremely pleased with you.
You visited 1 branch of the dungeon, and saw 13 of its levels.

You collected 569 gold pieces.
You spent 99 gold pieces at shops.

Inventory:

Hand Weapons
 q - a +2 long sword of electrocution
 y - a +1 long sword of venom (weapon)
 N - a +2 scimitar of flaming
Armour
 e - a +1 pair of gloves (worn)
 p - a scarf of harm
 z - a +1 pair of boots (worn)
 D - +0 acid dragon scales (worn)
Jewellery
 l - an amulet of regeneration (around neck)
 w - a ring of protection from cold (left hand)
 x - a ring of see invisible (right hand)
 E - an amulet of faith
Wands
 b - a wand of polymorph (13)
 r - a wand of iceblast (16)
 t - a wand of acid (5)
 C - a wand of flame (5)
 G - a wand of mindburst (12)
 J - a wand of paralysis (11)
Scrolls
 a - 4 scrolls of immolation
 c - a scroll of magic mapping
 d - a scroll of brand weapon
 g - a scroll of enchant weapon {unknown}
 j - 2 scrolls of silence
 m - 3 scrolls of enchant armour
 s - 2 scrolls of vulnerability
 u - a scroll of blinking {unknown}
 A - 3 scrolls of noise {unknown}
 B - a scroll of fear {unknown}
 I - a scroll of torment {unknown}
 K - 2 scrolls of identify
Potions
 f - a potion of might
 h - 3 potions of attraction
 i - 4 potions of curing
 k - 2 potions of haste
 n - a potion of degeneration
 o - a potion of ambrosia
 v - 2 potions of lignification
 F - 2 potions of mutation {unknown}


   Skills:
 + Level 13.1 Fighting
 * Level 17.8 Long Blades
 - Level 2.0 Armour
 - Level 2.0 Dodging


You had 12 spell levels left.
You didn't know any spells.
Your spell library was empty.

Dungeon Overview and Level Annotations

Branches:
Dungeon (13/15)            Temple (0/1) D:4            Lair (0/6) D:9
    Orc (0/2) D:12
 Vaults: D:13-14

Altars:
Xom

Shops:
D:2 ![   D:4 :   D:9 [   D:11 !   D:12 (


Message History

You kill the killer bee!
Trog accepts your kill.
You feel sick.
Unknown command.
You feel sick.
You feel a strong urge to attack something.
You feel sick.
You are no longer berserk.
You are exhausted.
You feel yourself slow down.
You feel sick.
Okay, then.
As you read the scroll of teleportation, it crumbles to dust.
You feel strangely unstable.
You feel sick. The meliai hits you with a +0 war axe!
* * * LOW HITPOINT WARNING * * *
The meliai closely misses you.
You feel better. The meliai barely misses you.
The meliai stings you but does no damage.
The killer bee stings you!
* * * LOW HITPOINT WARNING * * *
The meliai hits you with a +0 war axe.
* * * LOW HITPOINT WARNING * * *
The meliai stings you.
* * * LOW HITPOINT WARNING * * *
The killer bee stings you but does no damage.
The meliai barely misses you. The meliai closely misses you.
The killer bee closely misses you.
You feel much better.
Your surroundings suddenly seem different.
The shadow dragon breathes negative energy at you.
The bolt of negative energy hits you!!
You feel drained.
* * * LOW HITPOINT WARNING * * *
Okay, then.
Okay, then.
Okay, then.
Okay, then.
As you read the scroll of summoning, it crumbles to dust.
Wisps of shadow whirl around you... The ettin barely misses you.
The ettin hits you with a +0 dire flail!
You die...

....##...#...#
#.......###..####### y
#.#...#<#........# yy
#.#..##.##..###### !y
##....#...#.....y)#y#
#....##...##.y###†..#
#....#.....#.y.######
#...##.....##..##
#...#.@..D..#...#
##..##.C.C...##..## #
#...#..H....:.#...# #
#..######'######..# # #..#
.... #..# # ##.## .....$.
##.# #########...#>..).....
#..#
............######+######..#
.########....# #...##


You could see a shadow dragon (catching breath), an ettin (ally target), a
friendly manticore (summoned) and a friendly cyclops (summoned).

Vanquished Creatures
  A hydra (D:13)
  3 boulder beetles
  6 two-headed ogres
  The ghost of NoKap the Magician, a novice GnFE of Qazlal (D:7)
  The ghost of zimbabwe the Covert, a journeyman SpEn of Dithmenos (D:12)
  Pikel (D:7)
  2 cyclopes
  A manticore (D:12)
  4 centaur zombies
  An elephant (D:9)
  2 centaur skeletons (D:7)
  A rime drake (D:10)
  2 unseen horrors
  An efreet (D:13)
  A komodo dragon (D:10)
  2 hellwings (D:7)
  2 trolls (D:12)
  A meliai (D:13)
  A harpy skeleton (D:7)
  A meliai zombie (D:10)
  A vampire (D:10)
  2 shadows
  5 wyverns
  8 spriggans (D:10)
  5 wraiths
  2 basilisks (D:9)
  7 yaks
  7 vampire mosquitoes
  A steam dragon (D:7)
  An acid dragon (D:9)
  A water moccasin (D:7)
  A hornet zombie (D:9)
  4 orc warriors
  3 black bears
  2 sky beasts
  2 ogres (D:12)
  2 boggarts (D:13)
  11 centaurs
  A phantom (D:5)
  6 kobold brigands
  A wyvern zombie (D:7)
  Blork the orc (D:5)
  3 gnoll sergeants
  3 scorpions
  A water moccasin skeleton (D:4)
  17 killer bees
  7 wights
  4 electric eels (D:12)
  2 howler monkeys (D:8)
  A bullfrog zombie (D:4)
  4 hounds
  2 jellies
  4 orc priests
  A bullfrog skeleton (D:6)
  3 iguanas
  5 orc wizards
  A killer bee zombie (D:6)
  A hound skeleton (D:5)
  4 howler monkey zombies
  16 gnolls
  2 adders (D:2)
  3 shadow imps (D:7)
  2 white imps (D:6)
  A worm (D:5)
  A dart slug (D:1)
  28 orcs
  13 ball pythons
  7 endoplasms
  2 giant cockroaches
  7 hobgoblins
  3 quokkas
  5 bats
  2 frilled lizards (D:3)
  A jackal skeleton (D:4)
  28 kobolds
  5 rats
298 creatures vanquished.

Vanquished Creatures (collateral kills)
  4 yaks (D:11)
  3 vampire mosquitoes (D:13)
  2 orc warriors (D:12)
  An ogre (D:12)
  A kobold brigand (D:12)
  2 gnoll sergeants (D:12)
  2 gnolls (D:12)
15 creatures vanquished.

Vanquished Creatures (others)
  An orc wizard (D:5)
  26 plants
  8 withered plants (D:7)
35 creatures vanquished.

Grand Total: 348 creatures vanquished

Notes
Turn   | Place    | Note
-------+----------+-------------------------------------------
     0 | D:1      | Johnny the Human Berserker began the quest for the Orb.
     0 | D:1      | Reached XP level 1. HP: 18/18 MP: 1/1
    21 | D:1      | Found a faded altar of an unknown god.
   164 | D:1      | Reached XP level 2. HP: 16/24 MP: 2/2
   727 | D:1      | Reached XP level 3. HP: 29/29 MP: 3/3
  1227 | D:2      | Reached skill level 4 in Long Blades
  1480 | D:2      | Reached XP level 4. HP: 24/35 MP: 4/4
  1480 | D:2      | Reached ** piety under Trog
  1953 | D:2      | Found Umitum's Distillery.
  1957 | D:2      | Bought a potion of curing for 33 gold pieces
  2202 | D:2      | Found Pillas's Armour Shoppe.
  2525 | D:3      | Reached XP level 5. HP: 24/42 MP: 5/5
  2663 | D:3      | Reached skill level 5 in Long Blades
  3050 | D:4      | Found Jiraisk's Book Emporium.
  3250 | D:4      | Reached XP level 6. HP: 43/49 MP: 6/6
  3339 | D:4      | Found a staircase to the Ecumenical Temple.
  3342 | D:4      | Reached *** piety under Trog
  3399 | D:4      | Reached skill level 6 in Long Blades
  3493 | D:4      | Reached XP level 7. HP: 55/55 MP: 7/7
  3571 | D:5      | Entered Level 5 of the Dungeon
  3612 | D:5      | Reached skill level 5 in Fighting
  3736 | D:5      | Reached skill level 7 in Long Blades
  3820 | D:5      | Noticed Blork the orc
  3827 | D:5      | Killed Blork the orc
  3930 | D:5      | Reached XP level 8. HP: 63/63 MP: 8/8
  4377 | D:6      | Reached skill level 8 in Long Blades
  4779 | D:7      | Found a runed translucent gate.
  4780 | D:7      | Found a runed translucent gate.
  4782 | D:7      | Found a runed translucent gate.
  4823 | D:7      | Reached skill level 9 in Long Blades
  4858 | D:7      | Reached XP level 9. HP: 51/72 MP: 9/9
  4864 | D:7      | Noticed NoKap's ghost (novice GnFE)
  4874 | D:7      | Killed NoKap's ghost
  4875 | D:7      | Reached skill level 10 in Long Blades
  4969 | D:7      | Found a shimmering altar of Xom.
  5022 | D:7      | Reached skill level 11 in Long Blades
  5034 | D:7      | Reached XP level 10. HP: 68/80 MP: 10/10
  5167 | D:7      | Noticed Pikel
  5178 | D:7      | Killed Pikel
  5328 | D:7      | Reached skill level 12 in Long Blades
  5958 | D:8      | Reached **** piety under Trog
  6741 | D:9      | Reached skill level 13 in Long Blades
  6741 | D:9      | Reached XP level 11. HP: 89/89 MP: 11/11
  6914 | D:9      | Reached skill level 10 in Fighting
  6952 | D:9      | Noticed a boulder beetle
  6964 | D:9      | Killed a boulder beetle
  7016 | D:9      | Noticed a two-headed ogre
  7023 | D:9      | Killed a two-headed ogre
  7024 | D:9      | Reached skill level 14 in Long Blades
  7209 | D:9      | Found a staircase to the Lair.
  7209 | D:9      | Noticed an elephant
  7236 | D:9      | Killed an elephant
  7344 | D:9      | Reached ***** piety under Trog
  7459 | D:9      | Noticed a two-headed ogre
  7467 | D:9      | Killed a two-headed ogre
  7673 | D:9      | Found Divy's Armour Boutique.
  7923 | D:10     | Entered Level 10 of the Dungeon
  8197 | D:10     | Reached XP level 12. HP: 51/100 MP: 12/12
  8236 | D:10     | Reached skill level 15 in Long Blades
  8820 | D:10     | Noticed a two-headed ogre
  8914 | D:11     | Noticed a two-headed ogre
  8924 | D:11     | Killed a two-headed ogre
  9011 | D:11     | Found Adotitz's Distillery.
  9015 | D:11     | Bought a potion of lignification for 33 gold pieces
  9015 | D:11     | Bought a potion of curing for 33 gold pieces
  9031 | D:11     | Found the +6 arbalest "Damnation" {damnation}
  9059 | D:11     | Reached skill level 16 in Long Blades
  9469 | D:10     | Noticed a boulder beetle
  9485 | D:10     | Killed a boulder beetle
  9517 | D:10     | Noticed Sonja
  9520 | D:10     | Noticed Sonja
  9520 | D:10     | Sonja changed into Sonja the rime drake
  9530 | D:10     | Killed Sonja the rime drake
  9757 | D:10     | Noticed a two-headed ogre
  9760 | D:10     | Noticed a two-headed ogre
  9768 | D:10     | Killed a two-headed ogre
  9772 | D:10     | Killed a two-headed ogre
 10099 | D:12     | Found Doat's Antique Weapon Emporium.
 10129 | D:12     | Reached XP level 13. HP: 109/109 MP: 13/13
 10385 | D:12     | Found a runed translucent door.
 10385 | D:12     | Noticed zimbabwe's ghost (journeyman SpEn)
 10611 | D:12     | Found a staircase to the Orcish Mines.
 10639 | D:12     | Received a gift from Trog
 10646 | D:12     | Reached skill level 17 in Long Blades
 10970 | D:12     | Killed zimbabwe's ghost
 11014 | D:13     | Noticed an ettin
 11015 | D:13     | Noticed a shadow dragon
 11505 | D:13     | Noticed a six-headed hydra
 11528 | D:13     | Killed a three-headed hydra
 11664 | D:13     | Noticed a boulder beetle
 11682 | D:13     | Killed a boulder beetle
 11793 | D:13     | Slain by an ettin

Illustrated notes

Levels and vault maps discovered:
D:1:      lemuel_arrival_tunnels, layout_basic, ebering_ecumenical_altar_webs,
          chequers_serial_rivers_small_3, minmay_misc_feat_enclosed,
          chequers_serial_rivers_small_3, st_stairs_11
D:2:      layout_loops_cross, serial_shops, shop, nicolae_shop_statue_plus
D:3:      layout_loops_cross
D:4:      layout_rooms, minmay_temple_entry_slanted, serial_shops, shop,
          nrook_mini_vaults
D:5:      layout_rooms, hangedman_decor_clover_reticule, grunt_decor_one_mirror,
          chequers_serial_rivers_marsh, palyth_stone_intersect, hex_tiny,
          uniq_blork_the_orc
D:6:      layout_rooms
D:7:      cheibrodos_grave_circle, layout_basic, mainiacjoe_overflow_brackets,
          ebering_ghost_rock_garden, uniq_pikel
D:8:      statuecave_lemuel, layout_basic, serial_bayou_crossing
D:9:      layout_loops_ring, david_lair_generic, serial_shops, shop,
          roderic_nine_men_s_morris, kb_rosetta
D:10:     kb_forest_paths, layout_loops_corners, uniq_sonja
D:11:     layout_cave_pools, serial_shops, shop
D:12:     layout_roguey, kennysheep_orc_monster_closet_entryway, serial_bayou,
          serial_bayou_pond_a, serial_bayou_pond_c, serial_bayou_shore_a,
          serial_bayou_pond_a, hellmonk_ghost_happy_afterlife, serial_shops,
          shop
D:13:     minmay_diamond_stairs, layout_loops_ring, special_room
          [special_room_bee]

Skill      XL: |  1  2  3  4  5  6  7  8  9 10 11 12 13 |
---------------+----------------------------------------+-----
Long Blades    | 4 5 6 7 9 11 13 14 16 17 | 17.8
Fighting       | 4 5 7 8 9 11 12 13 | 13.1
Armour         | |  2.0
Dodging        | |  2.0

Action                   |  1- 3 |  4- 6 |  7- 9 | 10-12 | 13-15 || total
-------------------------+-------+-------+-------+-------+-------++-------
Melee: Falchion          |    97 |   103 |       |       |       ||   200
       Long sword        |       |    31 |   183 |   540 |   161 ||   915
       Scimitar          |       |       |       |       |    12 ||    12
Invok: Berserk           |     4 |     3 |     8 |    14 |     7 ||    36
       Trog's Hand       |       |     1 |     4 |     5 |     2 ||    12
       Brothers in Arms  |       |       |       |     1 |     2 ||     3
Evoke: Wand              |       |       |     1 |    13 |       ||    14
  Use: Potion            |       |       |     1 |     1 |     2 ||     4
       Scroll            |       |       |     5 |     9 |     2 ||    16
Armor: Animal skin       |    40 |    24 |    10 |       |       ||    74
       Scale mail        |       |       |    59 |    48 |       ||   107
       Acid dragon scale |       |       |       |   115 |    69 ||   184
Dodge: Dodged            |   109 |    77 |    94 |   273 |   134 ||   687

Table legend: (Time is in decaauts)
 A = Elapsed time spent in this place.
 B = Non-inter-level travel time spent in this place.
 C = Inter-level travel time spent in this place.
 D = Time resting spent in this place.
 E = Time spent auto-exploring this place.
 F = Levels seen in this place.
 G = Mean time per level.
                   A        B        C        D        E       F      G
               +--------+--------+--------+--------+--------+-----+--------+
         Total |  12005 |  11515 |    490 |   1574 |   7754 |  13 |  923.5 |
       Dungeon |  12005 |  11515 |    490 |   1574 |   7754 |  13 |  923.5 |
               +--------+--------+--------+--------+--------+-----+--------+

Top non-repeatable levels by time:
    D:10: 1543 daAuts
     D:2: 1280 daAuts
     D:9: 1175 daAuts
     D:8: 1151 daAuts
     D:1: 1067 daAuts
    D:12: 1043 daAuts
     D:7: 920 daAuts
    D:13: 770 daAuts
     D:3: 740 daAuts
     D:5: 702 daAuts
     D:4: 574 daAuts
    D:11: 557 daAuts
     D:6: 477 daAuts
